 Dungeon Crawl Stone Soup version 0.30.1-5-ged363bc7ee (webtiles) character file.

Game seed: 10882137699100830520

14804 monsoonserge the Party-goer (level 11, -7/83 HPs)
             Began as a Demonspawn Monk on Sept 20, 2023.
             Was a Follower of Uskayaw.
             Mangled by a cyclops (21 damage)
             ... on level 11 of the Dungeon.
             The game lasted 00:38:59 (12611 turns).

monsoonserge the Party-goer (Demonspawn Monk)      Turns: 12611, Time: 00:39:01

Health: -7/83      AC: 12    Str:  8    XL:     11   Next: 93%
Magic:  11/17      EV: 20    Int: 13    God:    Uskayaw [*.....]
Gold:   673        SH: 18    Dex: 19    Spells: 10/10 levels left

rFire   . . .        d - +5 dagger (freeze)
rCold   + + .        j - +0 buckler
rNeg    . . .        x - +1 leather armour of Merhekh {rElec rPois rC++ Str-3}
rPois   +            g - +0 hat {Stlth+}
rElec   +            (no cloak)
rCorr   .            A - +2 pair of gloves
SInv    +            (no boots)
Will    .....        S - amulet of reflection
Stlth   ++++         w - ring of see invisible
HPRegen 0.33/turn    D - +4 ring of protection
MPRegen 0.15/turn

%: reflection
@: mighty, agile
A: hooves 1, large bone plates 2, demonic guardian 2, powered by pain 1
a: Renounce Religion, Stomp


You were on level 11 of the Dungeon.
You worshipped Uskayaw.
Uskayaw was aware of your devotion.
You visited 3 branches of the dungeon, and saw 13 of its levels.
You also visited: Bailey.

You collected 777 gold pieces.
You spent 104 gold pieces at shops.

Inventory:

Hand Weapons
 d - a +5 dagger of freezing (weapon)
 u - a +0 sling
 C - a +2 shortbow of electrocution
 J - a +1 falchion of electrocution
 P - a +2 rapier of venom
Missiles
 c - 4 throwing nets
 r - 7 poisoned darts (quivered)
 F - 10 boomerangs
 T - a curare-tipped dart
Armour
 g - a +0 hat of stealth (worn)
 j - a +0 buckler (worn)
 s - a +2 troll leather armour {Snorg}
 x - the +1 leather armour of Merhekh (worn) {rElec rPois rC++ Str-3}
   (You found it on level 11 of the Dungeon)

   Str:       It affects your strength (-3).
   rC:        It greatly protects you from cold.
   rElec:     It insulates you from electricity.
   rPois:     It protects you from poison.
 A - a +2 pair of gloves (worn)
 V - a +3 leather armour of fire resistance
 W - +1 fire dragon scales
Jewellery
 w - a ring of see invisible (left hand)
 D - a +4 ring of protection (right hand)
 G - a +6 ring of strength
 N - an amulet of guardian spirit
 O - a ring of magical power
 S - an amulet of reflection (around neck)
Wands
 b - a wand of charming (4)
 i - a wand of digging (13)
 M - a wand of flame (33)
 U - a wand of iceblast (10)
Scrolls
 h - 3 scrolls of poison
 k - 4 scrolls of identify
 m - 2 scrolls of amnesia
 o - 2 scrolls of fear
 q - 3 scrolls of enchant weapon
 t - 3 scrolls of teleportation
 v - 3 scrolls of enchant armour
 y - 2 scrolls of vulnerability
 H - 3 scrolls of fog
 I - a scroll of magic mapping
 L - 2 scrolls of immolation
 Q - 2 scrolls of summoning
 R - a scroll of silence
Potions
 a - 3 potions of might
 e - 2 potions of lignification
 f - 3 potions of mutation {unknown}
 l - 2 potions of attraction
 n - 10 potions of curing
 p - a potion of berserk rage {unknown}
 z - a potion of cancellation
 B - 5 potions of brilliance {unknown}
 E - 3 potions of heal wounds
 K - a potion of magic {unknown}


   Skills:
 + Level 6.6 Fighting
 + Level 4.1(6.5) Short Blades
 + Level 7.8(8.3) Long Blades
 + Level 3.2 Throwing
 + Level 5.9 Armour
 + Level 6.6 Dodging
 + Level 5.0 Stealth
 + Level 7.9 Shields
 + Level 8.2 Invocations
 * Level 4.1 Evocations


You had 10 spell levels left.
You didn't know any spells.
Your spell library contained the following spells:

 Spells                   Type           Power      Damage    Failure   Level
 Freeze                   Ice            0%         1d3       52%         1
 Kiss of Death            Conj/Necr      0%         2d5       52%         1
 Magic Dart               Conj           0%         1d3       52%         1
 Blink                    Tloc           0%         N/A       65%         2
 Lesser Beckoning         Tloc           0%         N/A       65%         2
 Momentum Strike          Conj/Tloc      0%         3d8       65%         2
 Poisonous Vapours        Pois/Air       0%         N/A       65%         2
 Searing Ray              Conj           0%         2d4       65%         2
 Sublimation of Blood     Necr           0%         N/A       65%         2
 Frozen Ramparts          Ice            0%         1d1       87%         3
 Hailstorm                Conj/Ice       0%         3d3       87%         3
 Mephitic Cloud           Conj/Pois/Air  0%         N/A       87%         3
 Portal Projectile        Hex/Tloc       0%         N/A       87%         3
 Tukima's Dance           Hex            0%         N/A       87%         3
 Fulminant Prism          Conj/Hex       0%         3d5       99%         4
 Agony                    Necr           0%         N/A       100%        5
 Blade Hands              Tmut           0%         N/A       100%        5
 Freezing Cloud           Conj/Ice/Air   0%         6-21      100%        5
 Summon Mana Viper        Hex/Summ       0%         N/A       100%        5
 Malign Gateway           Summ/Tloc      0%         N/A       100%        7


Dungeon Overview and Level Annotations

Branches:
Dungeon (11/15)            Temple (1/1) D:7            Lair (1/5) D:9
    Orc (0/2) D:11         Bailey (visited)

Altars:
Ashenzari
Cheibriados
Dithmenos
Fedhas
Gozag
Hepliaklqana
Kikubaaqudgha
Makhleb
Nemelex Xobeh
Okawaru
Qazlal
Ru
Sif Muna
Trog
Uskayaw
Vehumet
Wu Jian
Xom
Yredelemnul

Shops:
D:3 *   D:4 !

Annotations:
D:7 1 transporter, exclusion: ice statue, Radiant's ghost, novice DrCj
D:10 3 runed translucent doors, Pyropingo's ghost, journeyman MiBe


Innate Abilities, Weirdness & Mutations

You have large cloven feet.
You are mostly covered in large bone plates. (SH +6)
A demonic guardian rushes to your aid.
You sometimes gain a little power by taking damage.


Message History

You block the kobold brigand's attack.
Unknown command.
You hit the cyclops but do no damage. You kick the cyclops, but do no damage.
The two-headed ogre seems less confused.
The cyclops seems less confused.
Unknown command.
You feel very mighty all of a sudden. The kobold brigand misses you.
The cyclops hits you.
Unknown command.
You puncture the kobold brigand! You freeze the kobold brigand.
Your kick misses the kobold brigand.
The kobold brigand is almost dead.
You block the kobold brigand's attack.
You puncture the kobold brigand! You freeze the kobold brigand.
You kill the kobold brigand!
The cyclops hits you!!
* * * LOW HITPOINT WARNING * * *
A demonic guardian appears!
You focus on the pain.
You feel your power returning.
Unknown command.
You puncture the cyclops! You freeze the cyclops.
The cyclops is moderately wounded.
You can now pass through a line of other dancers.
Unknown command.
You stomp with the beat, sending a shockwave through the revellers around you!
The cyclops is heavily wounded.
The two-headed ogre is heavily wounded.
You can no longer pass through a line of other dancers.
Your smoke demon hits the cyclops but does no damage.
Your smoke demon hits the cyclops.
Your smoke demon barely misses the cyclops.
You block the cyclops's attack. You block the two-headed ogre's attack.
The two-headed ogre misses you.
You stomp with the beat, sending a shockwave through the revellers around you!
The cyclops is severely wounded.
The two-headed ogre is severely wounded.
Your smoke demon hits the cyclops but does no damage.
Your smoke demon barely misses the cyclops.
Your smoke demon hits the cyclops but does no damage.
The cyclops hits you!!
You die...

####### ......# ####..# #..#
######+##+### #..#
#...#........ +
#..##########.O3#.........#
####...........#@C))..# ..#
...............#####..#####..+
#..............#...#.........#
#..#############)..'.........#
#..# #...#####'##### #..#
#..(#8≈≈≈≈≈≈≈8# #..#
#)..#≈≈≈≈≈≈≈≈≈# #>.#
#>.[#≈~~~~~~~~# #..#
#####.........#


You could see a two-headed ogre, a cyclops (ally target) and a friendly smoke
demon (summoned).

Vanquished Creatures
  Gastronok (Lair:1)
  Snorg (D:10)
  Pikel (D:4)
  An ice statue (D:8)
  A black mamba (Lair:1)
  A centaur zombie (D:10)
  A gargoyle (D:11)
  An unseen horror (D:11)
  A troll (D:10)
  A shadow (D:9)
  2 wraiths (D:10)
  12 yaks
  Grum (D:10)
  4 wyverns (D:9)
  A basilisk (D:9)
  3 vampire mosquitoes (D:11)
  2 acid dragons
  12 water moccasins
  11 orc warriors
  An ice beast (D:6)
  A sky beast (D:7)
  A black bear (D:5)
  3 wolves (D:10)
  4 centaurs
  A phantom (D:6)
  3 kobold brigands
  7 bullfrogs
  3 scorpions
  3 wights (D:7)
  13 killer bees
  2 howler monkeys (D:9)
  3 orc priests (D:8)
  2 hounds (D:6)
  3 jellies
  2 gnoll boudas
  2 sleepcaps
  Natasha (thrice) (D:4)
  2 iguanas (D:5)
  2 orc wizards
  A howler monkey zombie (D:10)
  14 gnolls
  8 adders
  2 white imps (D:7)
  An ufetubus (D:5)
  2 worms (D:5)
  49 orcs
  6 ball pythons
  2 bats
  9 endoplasms
  3 giant cockroaches
  6 goblins
  6 hobgoblins
  3 jackals (D:3)
  2 quokkas
  4 frilled lizards
  9 kobolds
  7 rats
253 creatures vanquished.

Vanquished Creatures (collateral kills)
  2 two-headed ogres
  An orc warrior (Bailey)
  An ice beast (D:6)
  A scorpion (D:5)
  3 killer bees (D:10)
  An orc priest (D:8)
  2 gnolls
  5 orcs
  2 endoplasms
  A goblin (D:2)
  A rat (D:2)
20 creatures vanquished.

Grand Total: 273 creatures vanquished

Notes
Turn   | Place    | Note
-------+----------+-------------------------------------------
     0 | D:1      | monsoonserge the Demonspawn Monk began the quest for the
                  | Orb.
     0 | D:1      | Reached XP level 1. HP: 18/18 MP: 1/1
   100 | D:1      | Gained mutation: You have large cloven feet. [demonic
                  | ancestry]
   100 | D:1      | Reached XP level 2. HP: 12/24 MP: 2/2
   946 | D:2      | Gained mutation: You sometimes gain a little power by
                  | taking damage. [demonic ancestry]
   946 | D:2      | Reached XP level 3. HP: 14/29 MP: 3/3
  1128 | D:2      | Reached skill level 1 in Armour
  1128 | D:2      | Gained mutation: A weak demonic guardian rushes to your
                  | aid. [demonic ancestry]
  1128 | D:2      | Reached XP level 4. HP: 30/35 MP: 4/4
  1383 | D:2      | Reached XP level 5. HP: 32/41 MP: 5/5
  1894 | D:3      | Found Ociosucu's Assorted Antiques.
  2539 | D:4      | Noticed a lemure
  2539 | D:4      | Noticed a lemure
  2570 | D:5      | Entered Level 5 of the Dungeon
  2590 | D:5      | Noticed a black bear
  2599 | D:5      | Killed a black bear
  2600 | D:5      | Reached skill level 1 in Shields
  2600 | D:5      | Gained mutation: You are partially covered in large bone
                  | plates. (SH +4) [demonic ancestry]
  2600 | D:5      | Reached XP level 6. HP: 41/48 MP: 6/6
  2789 | D:5      | Reached skill level 1 in Stealth
  2850 | D:5      | Reached skill level 5 in Long Blades
  2850 | D:5      | Reached XP level 7. HP: 50/54 MP: 7/7
  3425 | D:4      | You fall into a shaft and drop 1 floor!
  3622 | D:4      | Got Sif Muna's Omnibus of the Crypt and Generation
  3633 | D:4      | Noticed Natasha
  3647 | D:4      | Killed Natasha
  3688 | D:4      | Noticed Pikel
  3710 | D:4      | Killed Pikel
  3711 | D:4      | Gained mutation: A demonic guardian rushes to your aid.
                  | [demonic ancestry]
  3711 | D:4      | Reached XP level 8. HP: 35/61 MP: 8/8
  3934 | D:4      | Noticed Natasha
  3942 | D:4      | Killed Natasha
  4218 | D:4      | Noticed Natasha
  4230 | D:4      | Killed Natasha
  4236 | D:4      | Reached skill level 1 in Throwing
  4363 | D:4      | Found Wiuvy's Distillery.
  4369 | D:4      | Bought a potion of might for 52 gold pieces
  4369 | D:4      | Bought a potion of curing for 39 gold pieces
  4369 | D:4      | Bought a potion of degeneration for 13 gold pieces
  4843 | D:6      | Reached skill level 5 in Fighting
  5424 | D:7      | Reached XP level 9. HP: 53/68 MP: 9/9
  5655 | D:7      | Noticed a troll
  5658 | D:7      | Noticed Radiant's ghost (novice DrCj)
  5668 | D:7      | Found a transporter.
  5671 | D:7      | Noticed an ice statue
  5772 | D:7      | Noticed a manticore
  5785 | D:7      | Found a transporter.
  5877 | D:7      | Found a staircase to the Ecumenical Temple.
  5883 | Temple   | Entered the Ecumenical Temple
  5948 | Temple   | Became a worshipper of Uskayaw the Reveller
  5948 | Temple   | Reached * piety under Uskayaw
  6217 | D:7      | Reached ** piety under Uskayaw
  6219 | D:7      | Reached *** piety under Uskayaw
  6223 | D:7      | Reached **** piety under Uskayaw
  6375 | D:8      | Noticed a two-headed ogre
  6386 | D:8      | Killed a two-headed ogre
  6387 | D:8      | Reached skill level 5 in Armour
  6387 | D:8      | Reached skill level 2 in Invocations
  6534 | D:8      | Reached skill level 3 in Invocations
  6916 | D:8      | Noticed an ice statue
  7126 | D:9      | Found a flagged portal.
  7178 | Bailey   | Entered a bailey
  7289 | Bailey   | Reached skill level 1 in Short Blades
  7318 | Bailey   | Reached XP level 10. HP: 72/76 MP: 6/12
  7402 | Bailey   | Reached skill level 4 in Invocations
  7580 | Bailey   | Identified the +2 kite shield of Contentment {Harm Dex+3
                  | Slay-5}
  7770 | D:9      | Reached skill level 5 in Shields
  7984 | D:9      | Found a staircase to the Lair.
  8030 | D:9      | Reached skill level 5 in Invocations
  8070 | D:9      | Reached skill level 5 in Dodging
  8468 | D:9      | Reached skill level 6 in Invocations
  8925 | D:10     | Entered Level 10 of the Dungeon
  9186 | D:10     | Noticed Grum
  9206 | D:10     | Killed Grum
  9474 | D:10     | Gained mutation: You are mostly covered in large bone
                  | plates. (SH +6) [demonic ancestry]
  9474 | D:10     | Reached XP level 11. HP: 71/81 MP: 11/15
  9532 | D:10     | Noticed a two-headed ogre
  9548 | D:10     | Killed a two-headed ogre
  9649 | D:10     | Found a runed translucent gate.
  9649 | D:10     | Found a runed translucent gate.
  9649 | D:10     | Found a runed translucent gate.
  9649 | D:10     | Noticed Pyropingo's ghost (journeyman MiBe)
  9651 | D:10     | Found a basalt altar of Yredelemnul.
  9671 | D:10     | Reached skill level 1 in Evocations
  9749 | D:10     | Reached skill level 7 in Invocations
 10079 | D:10     | Noticed Snorg
 10104 | D:10     | Killed Snorg
 10628 | D:7      | Paralysed by a hornet for 3 turns
 10857 | D:11     | Found a staircase to the Orcish Mines.
 11004 | D:11     | Identified the +1 leather armour of Merhekh {rElec rPois
                  | rC++ Str-3}
 11425 | D:11     | Reached skill level 8 in Invocations
 11545 | D:11     | Identified the +8 quarterstaff of Radgh {antimagic, Dex+2}
 11686 | Lair:1   | Entered Level 1 of the Lair of Beasts
 11937 | Lair:1   | Noticed Gastronok
 11957 | Lair:1   | Killed Gastronok
 11958 | Lair:1   | Reached skill level 5 in Stealth
 12589 | D:11     | Noticed a two-headed ogre
 12611 | D:11     | Mangled by a cyclops

Illustrated notes

Levels and vault maps discovered:
D:1:      roderic_crop_circles_arrival_large, layout_rooms
D:2:      kennysheep_big_flooded_room, layout_loops_corners, minmay_tall_x
D:3:      layout_rooms, serial_shops, nicolae_shop_tiny_statue_garden,
          supply_closet_lemuel
D:4:      layout_basic, serial_shops, nicolae_shop_stone, uniq_natasha,
          uniq_pikel
D:5:      layout_basic, serial_park_tiny_1, kennysheep_pointless_box
D:6:      layout_loops_ring, corexii_item_surrounded_by_moat
D:7:      layout_loops_ring, minmay_temple_entry_fiery, nzn_ghost_randoct,
          chequers_hall_statues_y, grunt_ministairs_8
D:8:      lemuel_ice_statue, layout_rooms
D:9:      layout_grid_maze, minmay_lair_entry_grove, enter_bailey_3,
          bh_walls_and_bars
D:10:     layout_irregular_city, nicolae_yredelemnul_ghost_church, minivault_25,
          uniq_snorg, uniq_grum
D:11:     layout_long_grid, orc_0_dummy, evilmike_minifort
Temple:   grunt_wide_crystal_templ
Lair:1:   layout_roguey, cheibrodos_lair_reptile_den, serial_bayou_shore_a,
          uniq_gastronok

Skill      XL: |  1  2  3  4  5  6  7  8  9 10 11 |
---------------+----------------------------------+-----
Long Blades    | 3 4 5 6 7 |  7.8
Dodging        | 3 4 5 6 |  6.6
Armour         | 1 2 3 4 5 |  5.9
Shields        | 1 2 3 4 6 7 |  7.9
Fighting       | 4 5 6 |  6.6
Stealth        | 1 2 3 4 5 |  5.0
Throwing       | 1 3 |  3.2
Invocations    | 3 6 8 |  8.2
Short Blades   | 1 3 4 |  4.1
Evocations     | 4 |  4.1

Action                     |  1- 3 |  4- 6 |  7- 9 | 10-12 || total
---------------------------+-------+-------+-------+-------++-------
  Melee: Falchion          |    84 |   131 |   251 |       ||   466
         Kick              |    13 |    26 |   138 |   139 ||   316
         Dagger            |       |       |   111 |   319 ||   430
  Throw: Dart              |       |     3 |    28 |     3 ||    34
         Javelin           |       |       |     4 |     4 ||     8
 Invoke: Stomp             |       |       |    13 |    56 ||    69
         Line Pass         |       |       |       |     5 ||     5
  Evoke: Wand              |       |       |     8 |    13 ||    21
    Use: Potion            |       |     2 |     1 |     3 ||     6
         Scroll            |       |       |     7 |    10 ||    17
   Stab: Distracted        |       |     1 |     3 |     1 ||     5
         Paralysed         |       |       |     4 |     3 ||     7
         Sleeping          |       |       |     1 |     6 ||     7
         Confused          |       |       |       |     2 ||     2
 Armour: Scale mail        |    41 |    63 |    71 |       ||   175
         Robe              |     2 |       |       |       ||     2
         Skin              |       |    14 |     7 |       ||    21
         Ring mail         |       |       |    35 |     6 ||    41
         Leather armour    |       |       |       |    93 ||    93
  Dodge: Dodged            |    35 |    56 |   115 |   188 ||   394
  Block: Buckler           |    13 |    43 |   190 |   333 ||   579
         Reflection        |       |       |     5 |     8 ||    13
